AoeStats
← jaydon9944

MegaRandom

505586236Analyzed
3v3 RM · 24d ago on Sep 10, 2026· 60m 24s· 6 players
Game mode
Random Map
Map size
Normal (6 player)
Population
200
Speed
Normal
Resources
Standard
Victory
Conquest
Starting age
Dark Age
Ending age
Imperial Age
RankedLock teamsTeams togetherTeam positionsShared explorationLock speedFull tech treeHidden civsTurbo modeCheats
Victory
Defeat
🇺🇸 Armenians · United States
1226
+13
🇨🇱 Dravidians · Chile
1156
+16
🇺🇸 Georgians · United States
1112
+18
🇺🇸 Bengalis · United States
1155
-16
🇺🇸 Khmer · United States
1154
-16
🇺🇸 Sicilians · United States
1144
-15
jaydon9944
7:48 Loom
10:22 Feudal Age
11:34 Double-Bit Axe
12:40 Horse Collar
15:45 Castle Age
15:07 Horse Collar
16:26 Fletching
17:46 Bodkin Arrow
17:52 Padded Archer Armor
18:43 Bow Saw
22:10 Gold Mining
22:25 Town Watch
24:42 Wheelbarrow
25:19 Bloodlines
24:33 Light Cavalry
27:04 Husbandry
27:47 Forging
27:44 Scale Barding Armor
28:51 Gold Shaft Mining
32:42 Imperial Age
30:42 Leather Archer Armor
31:31 Heavy Plow
31:56 Chain Barding Armor
32:12 Iron Casting
34:05 Parthian Tactics
33:42 Bracer
34:26 Hussar
34:34 Heavy Cavalry Archer
36:21 Blast Furnace
35:47 Ballistics
37:01 Ring Archer Armor
37:10 Plate Barding Armor
40:54 Chemistry
52:30 Hussar
Monkeykapaa
6:39 Loom
9:22 Feudal Age
10:56 Double-Bit Axe
12:58 Horse Collar
15:56 Wheelbarrow
19:16 Castle Age
19:39 Fletching
20:19 Bow Saw
23:27 Bodkin Arrow
28:24 Heavy Plow
28:23 Gold Mining
30:00 Town Watch
29:55 Light Cavalry
30:46 Bloodlines
32:25 Hand Cart
38:14 Imperial Age
36:32 Padded Archer Armor
36:34 Husbandry
37:28 Scale Barding Armor
37:54 Leather Archer Armor
38:53 Paiks
38:57 Bracer
40:05 Chemistry
39:26 Ballistics
40:18 Conscription
40:54 Scale Barding Armor
41:57 Chain Barding Armor
41:42 Elite Elephant Archer
43:56 Plate Barding Armor
44:53 Ring Archer Armor
44:57 Forging
48:04 Iron Casting
50:58 Blast Furnace
Toothless0910
6:17 Loom
9:24 Feudal Age
12:51 Double-Bit Axe
13:15 Horse Collar
15:30 Wheelbarrow
17:23 Town Watch
21:51 Castle Age
24:17 Bow Saw
24:23 Forging
24:21 Scale Barding Armor
24:54 Forging
25:19 Heavy Plow
29:04 Hand Cart
30:42 Town Patrol
34:50 Imperial Age
33:34 Iron Casting
33:19 Chain Barding Armor
33:26 Bloodlines
33:18 Husbandry
34:22 Chain Barding Armor
33:44 Light Cavalry
36:57 Hauberk
36:29 Cavalier
39:01 Light Cavalry
42:50 Plate Barding Armor
43:15 Blast Furnace
52:23 Pikeman
53:11 Scale Mail Armor
Smoochy
10:44 Feudal Age
9:31 Loom
12:03 Man-at-Arms
12:35 Double-Bit Axe
18:03 Castle Age
19:44 Wheelbarrow
20:19 Bow Saw
21:44 Horse Collar
23:15 Squires
23:28 Fervor
23:49 Scale Mail Armor
24:17 Gold Mining
26:26 Redemption
28:04 Hand Cart
27:55 Town Watch
28:37 Man-at-Arms
30:08 Gold Shaft Mining
29:26 Stone Mining
33:47 Imperial Age
31:47 Pikeman
31:48 Long Swordsman
33:02 Chain Mail Armor
33:35 Ballistics
32:39 Two-Handed Swordsman
32:43 Halberdier
33:38 Forging
34:09 Champion
34:35 Gambesons
35:39 Plate Mail Armor
35:45 Conscription
35:59 Town Patrol
36:08 Heavy Plow
36:47 Fereters
38:33 Iron Casting
43:33 Blast Furnace
52:42 Chemistry
55:39 Capped Ram
57:48 Arson
58:30 Siege Ram
00xLulu
10:08 Feudal Age
8:28 Loom
15:26 Castle Age
13:36 Double-Bit Axe
19:58 Bow Saw
20:12 Horse Collar
20:43 Stone Mining
22:51 Stone Shaft Mining
23:17 Heavy Plow
23:43 Gold Mining
25:39 Wheelbarrow
25:48 Husbandry
25:58 Bloodlines
26:02 Forging
29:23 Hand Cart
31:58 Scale Barding Armor
32:29 Iron Casting
33:50 Padded Archer Armor
37:14 Imperial Age
34:43 Elite Skirmisher
35:48 Leather Archer Armor
35:23 Fletching
36:32 Ballistics
40:44 Chemistry
39:53 Aznauri Cavalry
40:09 Conscription
40:18 Elite Monaspa
41:25 Chain Barding Armor
42:06 Blast Furnace
41:03 Bodkin Arrow
49:03 Squires
48:24 Pikeman
48:50 Gambesons
48:57 Gambesons
48:34 Pikeman
54:24 Plate Barding Armor
55:38 Halberdier
nefelibata
5:26 Loom
10:06 Feudal Age
11:08 Double-Bit Axe
18:17 Castle Age
17:09 Arson
17:39 Horse Collar
17:51 Stone Mining
17:52 Gold Mining
18:46 Scale Mail Armor
18:57 Forging
19:51 Pikeman
21:17 Squires
21:35 Chain Mail Armor
22:34 Arson
24:17 Fletching
26:45 Bow Saw
27:16 Padded Archer Armor
27:13 Bodkin Arrow
32:07 Padded Archer Armor
34:17 Wheelbarrow
33:30 Town Watch
34:02 Leather Archer Armor
34:10 Ballistics
33:46 Murder Holes
35:51 Medical Corps
36:08 Scale Barding Armor
36:09 Husbandry
36:57 Hand Cart
41:46 Imperial Age
41:52 Elite Elephant Archer
42:45 Bracer
43:16 Ring Archer Armor
45:22 Conscription
56:11 Iron Casting
55:24 Elite Skirmisher
57:06 Chemistry
57:10 Heavy Plow
60:41 Town Patrol
61:42 Two-Man Saw
60:15 Halberdier
Connection lost

Rejoining the realm…

Still unreachable

The connection could not be restored.

Session expired

The server has moved on; the page needs a fresh start.